 Dungeon Crawl Stone Soup version 0.30-a0-918-g0ff054e9dc (webtiles) character file.

Game seed: 17240747886045357540

488846 Allyalt the Hoplite (level 23, 0/225 (230) HPs)
             Began as an Armataur Berserker on Mar 20, 2023.
             Was the Champion of Trog.
             Killed by the air
             ... invoked by a titan
              (32 damage)
             ... on level 5 of the Vaults on Mar 21, 2023.
             The game lasted 03:16:43 (60065 turns).

Allyalt the Hoplite (Armataur Berserker)           Turns: 60065, Time: 03:16:45

HP:   0/225 (230)   AC: 46    Str: 34    XL:     23   Next: 55%
MP:   16/16         EV: 19    Int:  4    God:    Trog [******]
Gold: 1487          SH: 26    Dex: 11    Spells: 22/22 levels left

rFire   + . .      SeeInvis .    y - +6 shillelagh "Devastator" {shatter}
rCold   + . .      Faith    .    W - +4 tower shield {rC+}
rNeg    + . .      Spirit   .    a - +4 storm dragon scales {Bai Suzhen}
rPois   +          Reflect  .    R - +2 helmet
rElec   +          Roll     +    I - +2 cloak
rCorr   .          Rnd*Tele +    p - +1 pair of gloves of Space {Str+2}
Will    +++..      Rage     3%   d - +10 Black Knight's barding {ponderous, rPois rN+} Stlth
                                 e - amulet of the acrobat
HPRegen 1.57/turn                n - +5 ring of evasion
MPRegen 0.15/turn                u - +5 ring of evasion

@: strong-willed, regenerating, lightly drained, unable to read, slow
A: large, rugged brown scales 3, deformed body, armoured tail, roll, long
tongue, awkward tongue, stinger 2, berserk 1, deterioration 1, dopey 2, fire
resistance 1, low MP 3, passive freeze, screaming 1, teleportitis 2, wild magic
1, inability to read after injury 1, MP-powered wands
}: 3/15 runes: serpentine, barnacled, slimy
a: Renounce Religion, Berserk, Trog's Hand, Brothers in Arms


You were on level 5 of the Vaults.
You worshipped Trog.
Trog was exalted by your worship.
You visited 9 branches of the dungeon, and saw 45 of its levels.
You visited the Abyss 2 times.
You also visited: Bailey and Desolation.

You collected 5237 gold pieces.
You spent 3750 gold pieces at shops.

Inventory:

Hand Weapons
 y - the +6 shillelagh "Devastator" (weapon) {shatter}
   (You found it on level 8 of the Dungeon)
Missiles
 P - a throwing net
Armour
 a - +4 storm dragon scales (worn) {Bai Suzhen}
 d - the +10 Black Knight's barding (worn) {ponderous, rPois rN+}
   (You acquired it on level 1 of the Dungeon)

   rPois:     It protects you from poison.
   rN:        It protects you from negative energy.
 p - the +1 pair of gloves of Space (worn) {Str+2}
   (You found it on level 3 of the Elven Halls)

   Str:       It affects your strength (+2).
 I - a +2 cloak (worn)
 R - a +2 helmet (worn)
 W - a +4 tower shield of cold resistance (worn)
Jewellery
 e - an amulet of the acrobat (around neck)
 m - a ring of flight
 n - a +5 ring of evasion (left hand)
 u - a +5 ring of evasion (right hand)
 v - a +6 ring of strength
 J - a +4 ring of protection
 K - a +6 ring of dexterity
 O - a ring of resist corrosion
 T - a +4 ring of protection
Wands
 l - a wand of charming (25)
 o - a wand of mindburst (12)
 q - a wand of polymorph (33)
 s - a wand of quicksilver (23)
 E - a wand of roots (34)
 G - a wand of flame (93)
Scrolls
 b - 4 scrolls of fog
 h - 3 scrolls of butterflies
 r - 10 scrolls of teleportation
 w - 6 scrolls of poison
 z - 5 scrolls of immolation
 D - 2 scrolls of blinking
 L - 6 scrolls of enchant weapon
 M - a scroll of magic mapping
 N - a scroll of silence
 S - 13 scrolls of identify
Potions
 c - 10 potions of flight
 f - 7 potions of resistance
 g - 2 potions of cancellation
 i - 9 potions of magic
 k - 6 potions of ambrosia
 A - 14 potions of haste
 B - 4 potions of might
 F - 7 potions of berserk rage
 H - a potion of curing
Miscellaneous
 j - a lightning rod (4/4)
 t - a phantom mirror (quivered)
 x - a condenser vane
 C - a box of beasts
 X - a phial of floods
 Z - a tin of tremorstones (2/2)


   Skills:
 * Level 20.1 Fighting
 - Level 12.0(15.7) Axes
 * Level 17.8(19.4) Maces & Flails
 - Level 15.6 Armour
 - Level 14.4 Dodging
 - Level 23.0 Shields


You had 22 spell levels left.
You didn't know any spells.
Your spell library contained the following spells:

 Spells                   Type           Power      Damage    Failure   Level
 Shock                    Conj/Air       0%         1d3       95%         1
 Sting                    Tmut/Pois      0%         1d3       95%         1
 Mephitic Cloud           Conj/Pois/Air  0%         N/A       100%        3
 Spider Form              Tmut/Pois      0%         N/A       100%        3
 Swiftness                Air            0%         N/A       100%        3
 Vampiric Draining        Necr           0%         2d6       100%        3
 Alistair's Intoxication  Tmut/Pois      0%         N/A       100%        5
 Arcjolt                  Conj/Air       0%         1d10      100%        5
 Blade Hands              Tmut           0%         N/A       100%        5
 Borgnjor's Vile Clutch   Necr/Erth      0%         N/A       100%        5
 Freezing Cloud           Conj/Ice/Air   0%         6-21      100%        5
 Irradiate                Conj/Tmut      0%         3d11      100%        5
 Eringya's Noxious Bog    Tmut/Pois      0%         N/A       100%        6
 Haunt                    Necr/Summ      0%         N/A       100%        7
 Malign Gateway           Summ/Tloc      0%         N/A       100%        7
 Infestation              Necr           0%         N/A       100%        8
 Maxwell's Capacitive Co  Air            0%         ∞         100%        8
 Summon Horrible Things   Summ           0%         N/A       100%        8


Dungeon Overview and Level Annotations

Branches:
Dungeon (15/15)            Temple (0/1) D:7            Lair (5/5) D:9
 Shoals (4/4) Lair:2        Snake (4/4) Lair:2        Slime (5/5) Lair:5
    Orc (2/2) D:12            Elf (3/3) Orc:2        Vaults (4/5) D:14
  Crypt (2/3) Vaults:3     Depths (0/4) D:15         Bailey (visited)
Desolation (visited)

Altars:
Ashenzari
Dithmenos
Elyvilon
Fedhas
Gozag
Kikubaaqudgha
Makhleb
Nemelex Xobeh
Qazlal
Uskayaw
Vehumet
Xom
Lugonu

Shops:
D:2 ?   D:10 *[![   D:11 !   Orc:1 *=!?[   Orc:2 ((=[**   Shoals:4 (
Snake:1 [([![[[!   Snake:2 [?   Vaults:1 =

Portals:
Abyss: Shoals:1 Crypt:2
Trove: Vaults:1 (give 15 scrolls of teleportation)

Annotations:
Crypt:2 2 transporters, Zievuyg's ghost, adept MiFi


Innate Abilities, Weirdness & Mutations

You are completely covered in rugged brown scales. (AC +3, +7% HP)
Armour fits poorly on your strangely shaped body.
You have a long armoured tail.
You roll when moving toward enemies. (Rampage)
Your long tongue fully drains potion bottles. (2x potion effects)
Your tongue gives you trouble enunciating. (1.5x scroll delay)
Your tail ends in a sharp venomous barb.
You sometimes lose your temper in combat.
Your body sometimes deteriorates upon taking damage.
You are very dopey. (Int -4)
Your flesh is heat resistant. (rF+)
Your magical capacity is extremely low. (-30% MP)
A frigid envelope surrounds you and freezes all who hurt you.
You occasionally shout uncontrollably at your foes.
You are often teleported next to monsters.
Your spells are a little harder to cast, but a little more powerful.
You occasionally lose the ability to read scrolls when taking damage.
You expend magic power (3 MP) to strengthen your wands.


Message History

* * * LOW HITPOINT WARNING * * *
The storm dragon claws you.
* * * LOW HITPOINT WARNING * * *
The storm dragon completely resists.
The storm dragon tramples you but does no damage.
The storm dragon resists.
The storm dragon is very cold.
The storm dragon is heavily wounded.
The deep elf demonologist gestures wildly while chanting.
You hear some strange, mumbled words.
The deep elf high priest prays to its god.
The deep elf high priest begins emitting a brilliant aura!
The vault sentinel is empowered by the deep elf high priest's aura!
The frost giant is empowered by the deep elf high priest's aura!
The tengu reaver is empowered by the deep elf high priest's aura!
The deep elf death mage is empowered by the deep elf high priest's aura!
The titan is empowered by the deep elf high priest's aura!
The vault warden is empowered by the deep elf high priest's aura!
The stone giant completely misses you.
Blink to where?
Press: ? - help, Dir - move target As you slowly read the scroll of blinking, it crumbles to dust.
The yaktaur captain shoots a bolt.
You block the bolt.
The yaktaur captain shoots a bolt.
You block the bolt.
You hear a shout!
Unknown command.
Okay, then.
Your skin crawls.
You feel strong-willed.
The Tzitzimitl calls on the powers of darkness!
The storm dragon convulses!
The deep elf death mage convulses!
The stone giant convulses!
The vault guard convulses!
The deep elf high priest convulses!
The vault warden convulses!
The frost giant convulses!
The yaktaur captain convulses!
The titan convulses!
The vault guard convulses!
The tengu reaver convulses!
The yaktaur convulses!
Your body is wracked with pain!
* * * LOW HITPOINT WARNING * * *
The titan waves its arms in wide circles.
The air twists around and strikes you!!
You feel threatened and lose the ability to read scrolls!
You die...

......9<.{......(
.....<..D1....O..
......pCe9.......
....e.c..pC......
###..Q..pC.######
#......c....
#..#....#.##.
.C##...)#.# ($ .#
#...@#.. #
#....#..= #....#
#....# #....#
#....# #....#
#....#


You could see a titan (empowered), a storm dragon, a Tzitzimitl (summoned), a
frost giant (empowered), a stone giant, a vault warden (empowered), a tengu
reaver (empowered), a yaktaur captain, 2 vault guards, a deep elf death mage
(empowered), a war gargoyle, a deep elf high priest and a yaktaur.

Vanquished Creatures
  Bai Suzhen (Snake:3)
  Vashnia (Snake:3)
  A golden dragon (Vaults:4)
  A bone dragon (Abyss:3)
  A hellephant (Abyss:3)
  A tentacled monstrosity (Vaults:4)
  Mlioglotl (Snake:4)
  A lich (Vaults:4)
  2 titans
  2 deep elf blademasters (Elf:3)
  A deep elf master archer (Elf:3)
  19 acid blobs
  3 ancient champions
  Polyphemus (Shoals:3)
  A shadow dragon (Vaults:4)
  2 sphinxes (Vaults:3)
  Agnes (Snake:1)
  Kirke (Shoals:4)
  2 tengu reavers (Vaults:4)
  2 tentacled starspawn (Abyss:3)
  Donald (Shoals:4)
  2 revenants
  7 rockslimes
  10 azure jellies
  4 nagarajas (Snake:4)
  2 imperial myrmidons
  6 deep elf sorcerers
  Louise (Snake:1)
  12 vault wardens
  A frost giant (Shoals:4)
  Aizul (Snake:3)
  A curse skull (Crypt:2)
  5 deep elf elementalists (Elf:3)
  A cacodemon (Abyss:3)
  An orc warlord (Orc:2)
  11 ghouls
  13 quicksilver oozes
  12 very ugly things
  2 war gargoyles
  A caustic shrike skeleton (Crypt:1)
  16 ironbound preservers
  3 stone giants
  3 vampire knights
  3 deep elf demonologists
  6 ironbound thunderhulks
  10 deep elf annihilators
  Azrael (Orc:2)
  11 dire elephants
  2 lorocyprocas (Abyss:3)
  A halazid warlock (Desolation)
  The ghost of selver the Severer, a journeyman HOFi of Okawaru (Lair:4)
  A crystal guardian (Desolation)
  2 eidola
  Josephine (D:11)
  5 ettins
  6 deep elf death magi
  An entropy weaver (shapeshifter) (D:15)
  A quicksilver dragon zombie (Abyss:3)
  6 jiangshi
  A fire dragon (Lair:5)
  10 yaktaur captains
  A spectral quicksilver dragon (Crypt:2)
  2 entropy weavers
  3 merfolk javelineers
  6 merfolk impalers
  6 deep elf high priests
  A ragged hierophant (Desolation)
  Fannar (D:11)
  2 rakshasas
  2 salamander tyrants (Snake:4)
  8 great orbs of eyes
  A servant of whispers (Desolation)
  A spectral spriggan (Crypt:2)
  11 hydras
  29 vault guards
  A peacekeeper (Desolation)
  5 boulder beetles
  6 ironbound frosthearts
  3 anacondas
  Erica (D:11)
  4 merfolk avatars
  14 centaur warriors
  2 merfolk aquamancers (Shoals:4)
  A spriggan skeleton (D:15)
  2 alligator snapping turtles
  3 catoblepae
  2 satyrs
  10 naga warriors
  7 two-headed ogres
  4 death knights
  3 death yaks (Shoals:3)
  6 thrashing horrors
  A bennu skeleton (Crypt:1)
  26 dancing weapons
  14 naga sharpshooters
  8 vampire magi
  Urug (D:12)
  3 orc high priests (Orc:2)
  19 deep elf knights
  3 titan skeletons
  2 shadow wraiths
  2 wretched stars (Abyss:3)
  9 shock serpents
  2 skysharks
  A fire crab (shapeshifter) (D:14)
  17 skeletal warriors
  3 salamander mystics (Snake:4)
  5 sixfirhies
  13 sea snakes
  A storm dragon skeleton (Crypt:1)
  A bunyip zombie (Crypt:2)
  6 naga ritualists
  42 deep trolls
  A glowing orange brain (Vaults:3)
  11 deep elf archers
  2 bog bodies (Crypt:1)
  2 flayed ghosts
  An orb spider (shapeshifter) (D:14)
  18 ironbound convokers
  6 wizards
  8 lindwurms
  Pikel (D:7)
  15 harpies
  5 orc knights
  6 phantasmal warriors
  20 deep elf pyromancers
  6 necromancers
  45 ugly things
  A steelbarb worm (shapeshifter) (Vaults:4)
  31 deep elf zephyrmancers
  A mana viper (shapeshifter) (Vaults:4)
  A spectral ice dragon (Crypt:2)
  6 mana vipers
  A sphinx skeleton (D:15)
  9 cyclopes
  9 fauns
  7 orc sorcerers
  4 shining eyes
  19 manticores
  2 moths of wrath (Lair:4)
  8 salamanders
  2 shadow dragon skeletons
  A moth of wrath (shapeshifter) (Vaults:1)
  3 worldbinders
  16 elephants
  45 black mambas
  A frost giant zombie (D:15)
  A stone giant zombie (Vaults:1)
  An elf zombie (Vaults:1)
  A demonic crawler (Abyss:3)
  4 merfolk sirens
  2 centaur zombies (Crypt:2)
  3 guardian serpents
  A torpor snail (Lair:4)
  6 eyes of devastation
  4 molten gargoyles
  4 water nymphs
  An elephant (shapeshifter) (D:13)
  An eleionoma skeleton (Crypt:1)
  An unseen horror (D:8)
  15 naga magi
  2 gargoyles
  An apocalypse crab (Shoals:1)
  16 vault sentinels
  2 smoke demons (Abyss:3)
  A yaktaur zombie (Vaults:1)
  2 dire elephant skeletons (Crypt:1)
  A kobold demonologist (D:12)
  5 rime drakes
  5 freezing wraiths
  5 cane toads
  16 komodo dragons
  41 yaktaurs
  2 ancient zymes
  A white draconian skeleton (Crypt:2)
  An ice devil (Abyss:3)
  A human skeleton (Vaults:1)
  A troll (shapeshifter) (D:13)
  2 polar bears
  7 wind drakes
  28 merfolk
  6 trolls
  A harpy skeleton (Abyss:3)
  5 spriggan zombies
  16 blink frogs
  A hydra skeleton (Crypt:2)
  17 saltlings
  Grinder (D:5)
  16 snapping turtles
  A hornet (Lair:2)
  An ettin zombie (Vaults:1)
  A dream sheep (shapeshifter) (Vaults:4)
  115 slime creatures
  2 ettin skeletons
  2 vampires
  10 water elementals
  15 flying skulls
  40 yaks
  A slime creature (shapeshifter) (Vaults:5)
  5 air elementals
  4 wyverns
  9 wraiths
  8 fire elementals
  Grum (D:11)
  A neqoxec (Abyss:3)
  15 golden eyes
  5 hogs (Shoals:4)
  A redback (Vaults:4)
  5 vampire mosquitoes
  A demonspawn zombie (Crypt:2)
  9 basilisks
  6 steam dragons
  2 wargs (Orc:1)
  2 harpy simulacra (Crypt:2)
  55 nagas
  A spatial vortex (Shoals:1)
  2 merfolk zombies (Crypt:2)
  2 acid dragons
  The ghost of DeathPants the Shield-Bearer, an amateur VSFi (D:4)
  A faun zombie (Crypt:1)
  9 water moccasins
  Duvessa (D:4)
  6 hell hounds
  3 naga skeletons (Crypt:2)
  A floating eye (Slime:4)
  5 large abominations (Abyss:3)
  A black bear (Lair:3)
  2 ice beasts
  A sky beast (D:6)
  27 orc warriors
  4 ogres
  2 human zombies
  16 wolves
  7 centaurs
  A lemure (D:7)
  A phantom (D:5)
  A blink frog skeleton (Crypt:2)
  2 kobold brigands
  12 bullfrogs
  3 gnoll sergeants
  5 earth elementals
  5 scorpions
  A naga simulacrum (Crypt:1)
  3 necrophages
  Dowan (D:4)
  20 killer bees
  A polar bear skeleton (Crypt:1)
  5 electric eels
  A howler monkey (D:13)
  5 small abominations (Abyss:3)
  4 lava snakes (Lair:5)
  10 jellies
  Crazy Yiuf (D:3)
  6 starcursed masses (Abyss:3)
  4 hounds
  18 orc priests
  3 gnoll boudas
  A black bear skeleton (Crypt:2)
  2 sleepcaps
  4 iguanas
  A scorpion zombie (Crypt:1)
  27 orc wizards
  37 gnolls
  9 adders
  2 shadow imps
  A white imp (Abyss:3)
  An ufetubus (Abyss:3)
  2 worms (D:5)
  2 dart slugs
  103 orcs
  An endoplasm (D:1)
  3 giant cockroaches
  9 goblins
  4 hobgoblins
  2 jackals (D:1)
  4 quokkas
  3 ball pythons
  A ball python skeleton (Crypt:2)
  5 bats
  A frilled lizard (D:1)
  A frilled lizard skeleton (Crypt:2)
  17 kobolds
  A kobold zombie (Crypt:2)
  A quokka zombie (Crypt:2)
  A rat (D:3)
  6 pillars of salt (Vaults:4)
  A starspawn tentacle (Abyss:3)
1894 creatures vanquished.

Vanquished Creatures (collateral kills)
  the Royal Jelly (Slime:5)
  Mara (Elf:3)
  A rockslime (Slime:5)
  An azure jelly (Slime:5)
  A deep elf elementalist (Elf:3)
  2 deep elf demonologists (Elf:3)
  2 deep elf annihilators (Elf:3)
  An alligator snapping turtle (Shoals:4)
  2 merfolk aquamancers (Shoals:4)
  2 deep elf knights (Elf:2)
  3 deep elf zephyrmancers (Elf:2)
  3 deep elf archers (Elf:2)
  4 deep elf pyromancers (Elf:2)
  A merfolk (Shoals:4)
  A golden eye (Slime:2)
26 creatures vanquished.

Vanquished Creatures (others)
  2 deep elf sorcerers (Elf:3)
  An ironbound preserver (Vaults:5)
  An eidolon (Crypt:2)
  A deep elf high priest (Elf:3)
  3 deep elf knights (Elf:2)
  A salamander mystic (Snake:4)
  A rime drake (Shoals:4)
  A steam dragon (Shoals:4)
  An orc wizard (D:9)
  3 bushes (Lair:4)
  20 fungi
  A lurking horror (Abyss:3)
  2 pillars of salt (Vaults:4)
  72 plants
  8 starspawn tentacles (Abyss:3)
  3 withered plants (D:15)
121 creatures vanquished.

Grand Total: 2041 creatures vanquished

Notes
Turn   | Place    | Note
-------+----------+-------------------------------------------
     0 | D:1      | Allyalt the Armataur Berserker began the quest for the Orb.
     0 | D:1      | Reached XP level 1. HP: 19/19 MP: 1/1
    75 | D:1      | Identified a scroll of acquirement
    75 | D:1      | Acquired the +10 Black Knight's barding {ponderous, rPois
                  | rN+}
    75 | D:1      | Found the +10 Black Knight's barding {ponderous, rPois rN+}
   231 | D:1      | Reached XP level 2. HP: 26/26 MP: 2/2
  1143 | D:2      | Reached XP level 3. HP: 33/33 MP: 3/3
  1361 | D:2      | Found Vybanu Yzxo's Magic Scroll Shoppe.
  1643 | D:3      | Reached ** piety under Trog
  1688 | D:3      | Reached XP level 4. HP: 26/40 MP: 4/4
  2235 | D:3      | Found a sparkling altar of Nemelex Xobeh.
  2423 | D:3      | Reached XP level 5. HP: 49/49 MP: 5/5
  2827 | D:3      | Found a runed translucent door.
  2828 | D:3      | Noticed Crazy Yiuf
  2837 | D:3      | Killed Crazy Yiuf
  2961 | D:4      | Noticed Duvessa
  2961 | D:4      | Noticed Dowan
  2974 | D:4      | Killed Duvessa
  2975 | D:4      | Reached XP level 6. HP: 55/55 MP: 6/6
  2976 | D:4      | Reached skill level 5 in Axes
  2988 | D:4      | Killed Dowan
  3207 | D:4      | Found a stormy altar of Qazlal.
  3606 | D:4      | Reached XP level 7. HP: 64/64 MP: 7/7
  3647 | D:4      | Found a runed translucent gate.
  3647 | D:4      | Found a runed translucent gate.
  3647 | D:4      | Found a runed translucent gate.
  3647 | D:4      | Noticed DeathPants's ghost (amateur VSFi)
  3857 | D:4      | Killed DeathPants's ghost
  3858 | D:4      | Reached skill level 5 in Fighting
  3966 | D:5      | Entered Level 5 of the Dungeon
  4064 | D:5      | Reached *** piety under Trog
  4170 | D:5      | Reached XP level 8. HP: 74/74 MP: 8/8
  4326 | D:5      | Noticed Grinder
  4332 | D:5      | Killed Grinder
  4623 | D:5      | Found a radiant altar of Vehumet.
  4660 | D:5      | Found a broken altar of Ashenzari.
  5133 | D:6      | Reached **** piety under Trog
  5464 | D:6      | Reached XP level 9. HP: 84/84 MP: 9/9
  5748 | D:7      | Reached skill level 1 in Shields
  5858 | D:7      | Found a blossoming altar of Fedhas.
  6022 | D:7      | Found a flagged portal.
  6110 | Bailey   | Entered a bailey
  6232 | Bailey   | Gained mutation: You possess an exceptional clarity of
                  | mind. [potion of mutation]
  6232 | Bailey   | Gained mutation: You are dopey. (Int -2) [potion of
                  | mutation]
  6232 | Bailey   | Gained mutation: You have sharp toenails. [potion of
                  | mutation]
  6232 | Bailey   | Gained mutation: Your tail ends in a venomous barb. [potion
                  | of mutation]
  6232 | Bailey   | Gained mutation: You are weak. (Str -2) [potion of
                  | mutation]
  6232 | Bailey   | Lost mutation: You are weak. (Str -2) [potion of mutation]
  6232 | Bailey   | Gained mutation: You expend magic power (3 MP) to
                  | strengthen your wands. [potion of mutation]
  6682 | Bailey   | Reached XP level 10. HP: 103/103 MP: 10/10
  6682 | Bailey   | Reached XP level 11. HP: 111/111 MP: 11/11
  6882 | D:7      | Found a staircase to the Ecumenical Temple.
  6909 | D:7      | Noticed Pikel
  6915 | D:7      | Killed Pikel
  6916 | D:7      | Reached skill level 2 in Shields
  7079 | D:7      | Found an ancient bone altar of Kikubaaqudgha.
  7108 | D:8      | Noticed a two-headed ogre
  7108 | D:8      | Found the +6 shillelagh "Devastator" {shatter}
  7115 | D:8      | Killed a two-headed ogre
  7322 | D:8      | Reached skill level 1 in Maces & Flails
  7483 | D:8      | Found a runed translucent door.
  7484 | D:8      | Found a burning altar of Makhleb.
  7484 | D:8      | Noticed a sixfirhy
  7520 | D:8      | Reached ***** piety under Trog
  7626 | D:8      | Found a shimmering altar of Xom.
  7846 | D:8      | Reached XP level 12. HP: 108/120 MP: 12/12
  7977 | D:8      | Found a hide-covered altar of Uskayaw.
  8111 | D:9      | Noticed a two-headed ogre
  8113 | D:9      | Killed a two-headed ogre
  8144 | D:9      | Reached skill level 5 in Maces & Flails
  8180 | D:9      | Found a staircase to the Lair.
  8424 | D:9      | Found a white marble altar of Elyvilon.
  8693 | D:10     | Entered Level 10 of the Dungeon
  8957 | D:10     | Found Qeulem's Antique Armour Shop.
  8964 | D:10     | Bought an embroidered scarf for 248 gold pieces
  9037 | D:10     | Found Zeukliat's Assorted Antiques.
  9059 | D:10     | Found Nisa's Antique Armour Shoppe.
  9090 | D:10     | Found Fithaxih's Distillery.
  9544 | D:11     | Found Puufosk's Distillery.
  9567 | D:11     | Noticed Josephine
  9580 | D:11     | Noticed Erica
  9581 | D:11     | Killed Josephine
  9582 | D:11     | Reached skill level 3 in Shields
  9584 | D:11     | Noticed Grum
  9591 | D:11     | Killed Erica
  9592 | D:11     | Reached skill level 4 in Shields
  9602 | D:11     | Killed Grum
  9613 | D:11     | Reached skill level 5 in Shields
  9741 | D:11     | Found an opulent altar of Gozag.
  9759 | D:11     | Noticed a two-headed ogre
  9764 | D:11     | Killed a two-headed ogre
  9767 | D:11     | Identified the +9 trident "Seru" {heavy, rC+ rCorr Str+7}
  9913 | D:11     | Noticed Fannar
  9921 | D:11     | Killed Fannar
  9922 | D:11     | Reached skill level 6 in Shields
 10194 | D:10     | Bought a glowing cloak for 262 gold pieces
 10346 | D:12     | Found a staircase to the Orcish Mines.
 10346 | D:12     | Noticed Urug
 10364 | D:12     | Killed Urug
 10365 | D:12     | Reached skill level 7 in Shields
 10589 | D:12     | Noticed a two-headed ogre
 10593 | D:12     | Killed a two-headed ogre
 10993 | D:12     | Noticed a two-headed ogre
 11001 | D:12     | Killed a two-headed ogre
 11003 | D:12     | Received a gift from Trog
 11119 | D:13     | Reached XP level 13. HP: 119/127 MP: 13/13
 11206 | Lair:1   | Entered Level 1 of the Lair of Beasts
 11362 | Lair:1   | Reached skill level 8 in Shields
 11572 | Lair:1   | Reached skill level 5 in Armour
 11577 | Lair:1   | Reached skill level 9 in Shields
 12134 | Lair:2   | Reached skill level 10 in Shields
 12222 | Lair:2   | Found a staircase to the Snake Pit.
 12306 | Lair:2   | Found a staircase to the Shoals.
 12749 | Lair:2   | Reached skill level 11 in Shields
 13136 | Lair:3   | Received a gift from Trog
 13933 | Lair:4   | Reached XP level 14. HP: 135/135 MP: 14/14
 13936 | Lair:4   | Reached skill level 12 in Shields
 14173 | Lair:4   | Noticed selver's ghost (journeyman HOFi)
 14205 | Lair:4   | Reached skill level 10 in Armour
 14239 | Lair:4   | Found a transporter.
 14552 | Lair:4   | Found a transporter.
 14768 | Lair:4   | Identified the ring of Ascent {rF+ Str+2}
 14997 | Lair:4   | Killed selver's ghost
 15052 | Lair:5   | Entered Level 5 of the Lair of Beasts
 15084 | Lair:5   | Reached skill level 13 in Shields
 15091 | Lair:5   | Received a gift from Trog
 15192 | Lair:5   | Found a large runed translucent door.
 15192 | Lair:5   | Found a large runed translucent door.
 15441 | Lair:5   | Identified the amulet "Inkeqoo" {rElec rN+++ Regen+ SInv
                  | Stlth-}
 15942 | Lair:5   | Found a staircase to the Slime Pits.
 15956 | Lair:5   | Found a shimmering altar of Xom.
 16725 | Orc:1    | Entered Level 1 of the Orcish Mines
 16830 | Orc:1    | Found Meoddok's Jewellery Boutique.
 16855 | Orc:1    | Found Cilul's CLEARANCE SALE!.
 17037 | Orc:1    | Found Nuxolir's Distillery.
 17051 | Orc:1    | Bought a potion of curing for 33 gold pieces
 17051 | Orc:1    | Bought a potion of heal wounds for 55 gold pieces
 17051 | Orc:1    | Bought a potion of curing for 33 gold pieces
 17060 | Orc:1    | Found Zoequ's Magic Scroll Emporium.
 17070 | Orc:1    | Found Besor's Armour Boutique.
 17092 | Orc:1    | Bought the +5 plate armour "Efesch" {rN+ Str+3 Int-5 Dex+2}
                  | for 592 gold pieces
 17102 | Orc:1    | Lost intelligence.
 17501 | Orc:2    | Entered Level 2 of the Orcish Mines
 17501 | Orc:2    | Noticed Azrael
 17501 | Orc:2    | Found a staircase to the Elven Halls.
 17501 | Orc:2    | Found Cutyvva's General Store.
 17512 | Orc:2    | Reached skill level 5 in Dodging
 17533 | Orc:2    | Killed Azrael
 17733 | Orc:2    | Received a gift from Trog
 17735 | Orc:2    | Noticed an orc warlord
 17751 | Orc:2    | Killed an orc warlord
 17758 | Orc:2    | Paralysed by an orc sorcerer for 4 turns
 17784 | Orc:2    | Reached XP level 15. HP: 121/143 MP: 15/15
 17823 | Orc:2    | Found Nesigec's Antique Armour Emporium.
 17823 | Orc:2    | Found Oggin's Antique Weapon Shoppe.
 17943 | Orc:2    | Found Gaol's General Store.
 17943 | Orc:2    | Found Yzotsuxy's Jewellery Emporium.
 18114 | Orc:2    | Found Qaish's Weapon Shoppe.
 18539 | D:13     | Received a gift from Trog
 19269 | D:11     | Bought a potion of curing for 36 gold pieces
 19269 | D:11     | Bought a potion of curing for 36 gold pieces
 19269 | D:11     | Bought a potion of curing for 36 gold pieces
 19269 | D:11     | Bought a potion of heal wounds for 60 gold pieces
 19269 | D:11     | Bought a potion of curing for 36 gold pieces
 19294 | D:10     | Bought a potion of heal wounds for 155 gold pieces
 19311 | D:10     | Bought a potion of heal wounds for 55 gold pieces
 19311 | D:10     | Bought a potion of curing for 33 gold pieces
 19350 | D:11     | Bought a potion of might for 48 gold pieces
 19403 | Orc:1    | Bought a potion of might for 44 gold pieces
 19457 | D:14     | Found a shadowy altar of Dithmenos.
 19978 | D:14     | Reached skill level 14 in Shields
 20278 | D:14     | Found a gate to the Vaults.
 20327 | D:15     | Entered Level 15 of the Dungeon
 20465 | D:15     | Found a staircase to the Depths.
 20574 | D:15     | Reached ****** piety under Trog
 21291 | Orc:2    | Bought a potion of curing for 42 gold pieces
 21341 | Orc:2    | Bought a scroll of fear for 52 gold pieces
 21397 | Elf:1    | Entered Level 1 of the Elven Halls
 21410 | Elf:1    | Reached XP level 16. HP: 131/153 MP: 16/16
 21428 | Elf:1    | Received a gift from Trog
 21879 | Elf:1    | You fall into a shaft and drop 1 floor!
 21909 | Elf:2    | Reached skill level 10 in Maces & Flails
 22694 | Elf:2    | Found a runed translucent gate.
 22694 | Elf:2    | Found a runed translucent gate.
 22695 | Elf:2    | Found a runed translucent gate.
 22779 | Elf:2    | Paralysed by an air elemental for 1 turns
 22785 | Elf:2    | Paralysed by an air elemental for 1 turns
 22845 | Elf:2    | Received a gift from Trog
 22853 | Elf:2    | Paralysed by an orc sorcerer for 2 turns
 23676 | Elf:2    | Reached skill level 15 in Shields
 23701 | Elf:2    | Reached XP level 17. HP: 64/164 MP: 17/17
 23741 | Elf:2    | Received a gift from Trog
 24371 | Elf:3    | Entered Level 3 of the Elven Halls
 24478 | Elf:3    | Paralysed by an air elemental for 1 turns
 24742 | Elf:3    | Reached skill level 16 in Shields
 25080 | Elf:3    | Noticed Mara
 25101 | Elf:3    | Noticed Allyalt's illusion
 25125 | Elf:3    | Noticed Allyalt's illusion
 25188 | Elf:3    | Noticed Allyalt's illusion
 25192 | Elf:3    | Killed Mara
 25701 | Elf:3    | Received a gift from Trog
 25753 | Elf:3    | Paralysed by an air elemental for 1 turns
 25772 | Elf:3    | Identified the +1 rapier of the Ghost {venom, *Rage rElec
                  | rN+ Dex+4}
 25772 | Elf:3    | Identified the +4 buckler of Summer {Rampage rC+ Dex+3}
 25772 | Elf:3    | Gained mutation: You have hidden genetic defects. [a
                  | neqoxec]
 25775 | Elf:3    | Noticed an Ice Fiend
 25779 | Elf:3    | Paralysed by an air elemental for 1 turns
 25793 | Elf:3    | Noticed a Tzitzimitl
 26258 | Elf:3    | Noticed a deep elf blademaster
 26258 | Elf:3    | Noticed a deep elf master archer
 26273 | Elf:3    | Killed a deep elf blademaster
 26277 | Elf:3    | Killed a deep elf master archer
 26284 | Elf:3    | Noticed a deep elf blademaster
 27067 | Snake:1  | Entered Level 1 of the Snake Pit
 27067 | Snake:1  | Noticed Agnes
 27077 | Snake:1  | Killed Agnes
 27255 | Snake:1  | Found Wedoyst's Antique Armour Boutique.
 27314 | Snake:1  | Found Qanip's Distillery.
 27323 | Snake:1  | Reached skill level 17 in Shields
 27354 | Snake:1  | Bought a potion of haste for 140 gold pieces
 27354 | Snake:1  | Bought a potion of haste for 140 gold pieces
 27379 | Snake:1  | Found Dauhuc's Antique Armour Emporium.
 27381 | Snake:1  | Found Xuod Taguar's Armour Shoppe.
 27382 | Snake:1  | Found Ykoeneag's Distillery.
 27394 | Snake:1  | Bought a potion of heal wounds for 55 gold pieces
 27394 | Snake:1  | Bought a potion of might for 44 gold pieces
 27394 | Snake:1  | Bought a potion of curing for 33 gold pieces
 27394 | Snake:1  | Bought a potion of heal wounds for 55 gold pieces
 27394 | Snake:1  | Bought a potion of resistance for 110 gold pieces
 27394 | Snake:1  | Bought a potion of cancellation for 88 gold pieces
 27394 | Snake:1  | Bought 2 potions of might for 88 gold pieces
 27401 | Snake:1  | Gained mutation: You occasionally lose the ability to read
                  | scrolls when taking damage. [hidden defects]
 27464 | Snake:1  | Lost mutation: You possess an exceptional clarity of mind.
                  | [potion of mutation]
 27464 | Snake:1  | Lost mutation: You are dopey. (Int -2) [potion of mutation]
 27464 | Snake:1  | Lost mutation: You expend magic power (3 MP) to strengthen
                  | your wands. [potion of mutation]
 27464 | Snake:1  | Lost mutation: You have sharp toenails. [potion of
                  | mutation]
 27464 | Snake:1  | Gained mutation: Your flesh is heat resistant. (rF+)
                  | [potion of mutation]
 27464 | Snake:1  | Gained mutation: You expend magic power (3 MP) to
                  | strengthen your wands. [potion of mutation]
 27464 | Snake:1  | Gained mutation: Your tail ends in a sharp venomous barb.
                  | [potion of mutation]
 27464 | Snake:1  | Gained mutation: Your spells are a little harder to cast,
                  | but a little more powerful. [potion of mutation]
 27464 | Snake:1  | Gained mutation: Your natural rate of healing is unusually
                  | fast. [potion of mutation]
 27464 | Snake:1  | Gained mutation: A frigid envelope surrounds you and
                  | freezes all who hurt you. [potion of mutation]
 27826 | Snake:1  | Found Idoaneoc's Antique Armour Boutique.
 27830 | Snake:1  | Found Tinneg's Antique Weapon Emporium.
 27836 | Snake:1  | Noticed Louise
 27851 | Abyss:3  | Cast into level 3 of the Abyss (Louise)
 27981 | Abyss:3  | Gained mutation: You are dopey. (Int -2) [a cacodemon]
 28216 | Abyss:3  | Noticed a bone dragon
 28235 | Abyss:3  | Killed a bone dragon
 28238 | Snake:1  | Escaped the Abyss
 28280 | Snake:1  | Killed Louise
 28284 | Snake:1  | Gained mutation: Your magical capacity is low. (-10% MP)
                  | [hidden defects]
 28284 | Snake:1  | Lost mutation: You have hidden genetic defects. [hidden
                  | defects expressed]
 28602 | Snake:1  | Reached XP level 18. HP: 172/172 MP: 16/16
 28710 | Snake:1  | Found Poafec's Antique Armour Shop.
 28824 | Snake:2  | Reached skill level 10 in Dodging
 29102 | Snake:2  | Found Qom Rong's Magic Scroll Emporium.
 29103 | Snake:2  | Found Daji's Armour Shoppe.
 29985 | Snake:3  | Noticed Vashnia
 30011 | Snake:3  | Killed Vashnia
 30055 | Snake:3  | Noticed Aizul
 30070 | Snake:3  | Killed Aizul
 30216 | Snake:3  | Noticed Bai Suzhen
 30249 | Snake:3  | Killed Bai Suzhen
 30681 | Snake:4  | Entered Level 4 of the Snake Pit
 30740 | Snake:4  | Received a gift from Trog
 31182 | Snake:4  | Noticed Mlioglotl
 31212 | Snake:4  | Killed Mlioglotl
 31780 | Snake:4  | Received a gift from Trog
 31946 | Snake:4  | Got a serpentine rune of Zot
 32181 | Slime:1  | Entered Level 1 of the Pits of Slime
 32227 | Slime:1  | Reached XP level 19. HP: 145/179 MP: 17/17
 32249 | Slime:1  | Gained mutation: Your magical capacity is very low. (-20%
                  | MP) [a shining eye]
 32256 | Slime:1  | Lost mutation: Your natural rate of healing is unusually
                  | fast. [a shining eye]
 32259 | Slime:1  | Lost intelligence.
 32259 | Slime:1  | Gained mutation: You are very dopey. (Int -4) [a shining
                  | eye]
 32855 | Orc:1    | Bought 2 potions of ambrosia for 176 gold pieces
 33709 | Shoals:1 | Entered Level 1 of the Shoals
 34005 | Shoals:1 | Paralysed by you for 3 turns
 34222 | Shoals:1 | Found a runed translucent door.
 34230 | Shoals:1 | Found a corrupted altar of Lugonu.
 34231 | Shoals:1 | Found a one-way gate to the infinite horrors of the Abyss.
 34543 | Shoals:1 | Received a gift from Trog
 34738 | Shoals:2 | Identified the +7 rapier "Enoef" {pain, Str+2 Int-3 Stlth+}
 35038 | Shoals:2 | Reached skill level 18 in Shields
 35376 | Shoals:3 | Identified the +0 pair of gloves "Korchuj" {Will+}
 35401 | Shoals:3 | Noticed Polyphemus
 35431 | Shoals:3 | Killed Polyphemus
 36146 | Shoals:4 | Entered Level 4 of the Shoals
 36146 | Shoals:4 | Found Raozuy's Antique Weapon Boutique.
 36220 | Shoals:4 | Received a gift from Trog
 36275 | Shoals:4 | Noticed Kirke
 36292 | Shoals:4 | Killed Kirke
 36293 | Shoals:4 | Reached skill level 19 in Shields
 36421 | Shoals:4 | Identified the +5 scimitar "Hoixto" {protect, Dex+2}
 36616 | Shoals:4 | Found the +10 zealot's sword {holy, Zealotry, *Rage rN+
                  | EV+3}
 36779 | Shoals:4 | Noticed Donald
 36801 | Shoals:4 | Killed Donald
 36882 | Shoals:4 | Got a barnacled rune of Zot
 37922 | Elf:3    | Reached skill level 20 in Shields
 37982 | Elf:3    | Received a gift from Trog
 38896 | Elf:3    | Reached XP level 20. HP: 148/188 MP: 16/16
 39166 | Elf:3    | Got the Dissertation on Impurities
 39177 | Elf:3    | Got the Encyclopedia of Last Rites
 39183 | Elf:3    | Identified the +2 ring mail of the Evening Star {Str+2
                  | Int+3}
 39199 | Elf:3    | Identified the +1 pair of gloves of Space {Str+2}
 39223 | Elf:3    | Identified the staff of fire "Xiptah" {rF+ Dex+2}
 39234 | Elf:3    | Identified the staff of cold "Caso Zugh" {rF- rC+ rCorr
                  | Str+3 SInv}
 39237 | Elf:3    | Got the Book of Bodily Humours
 39244 | Elf:3    | Got Zoecvy's Guidebook on Thunder
 39710 | D:2      | Bought a scroll of enchant armour for 90 gold pieces
 39998 | Snake:2  | Bought a scroll of enchant armour for 120 gold pieces
 39998 | Snake:2  | Bought a scroll of enchant armour for 120 gold pieces
 40832 | Slime:1  | Reached skill level 21 in Shields
 41213 | Slime:2  | Received a gift from Trog
 43273 | Slime:4  | Paralysed by a floating eye for 4 turns
 43279 | Slime:4  | Received a gift from Trog
 43286 | Slime:4  | Reached skill level 22 in Shields
 43326 | Slime:4  | Gained mutation: You are occasionally teleported next to
                  | monsters. [a shining eye]
 43327 | Slime:4  | Gained mutation: Your body sometimes deteriorates upon
                  | taking damage. [a shining eye]
 43331 | Slime:4  | Gained mutation: You sometimes lose your temper in combat.
                  | [a shining eye]
 43703 | Slime:4  | Gained mutation: You are often teleported next to monsters.
                  | [a shining eye]
 44145 | Slime:5  | Entered Level 5 of the Pits of Slime
 44160 | Slime:5  | Gained mutation: You occasionally shout uncontrollably at
                  | your foes. [a shining eye]
 44325 | Slime:5  | Reached skill level 15 in Armour
 44363 | Slime:5  | Paralysed by a great orb of eyes for 2 turns
 44420 | Slime:5  | Noticed the Royal Jelly
 44780 | Slime:5  | HP: 12/282 [azure jelly[the Royal Jelly] (6)]
 44793 | Slime:5  | Killed the Royal Jelly
 45594 | Slime:5  | Reached skill level 23 in Shields
 45837 | Slime:5  | Identified the +11 quarterstaff of the Volcano {heavy,
                  | *Corrode Int+3}
 45851 | Slime:5  | Identified the +3 arbalest "Isumer" {penet, rPois}
 45895 | Slime:5  | Identified the +2 plate armour of Tepi {Int+3}
 45906 | Slime:5  | Got a slimy rune of Zot
 45907 | Slime:5  | Identified the +4 hand axe of the Lusting Soothsayer
                  | {freeze, rN+ Will+ Str+2 Int+4}
 45941 | Slime:5  | Identified the +1 robe of the Desolation of Salt {rElec}
 45943 | Slime:5  | Identified the +3 bardiche "Zaudeti" {venom, Contam rPois
                  | rN+++}
 46660 | Vaults:1 | Entered Level 1 of the Vaults
 46976 | Vaults:1 | Found a portal to a secret trove of treasure.
 47054 | Vaults:1 | Received a gift from Trog
 47123 | Vaults:1 | Reached XP level 21. HP: 180/195 MP: 16/16
 47347 | Vaults:1 | Reached skill level 15 in Fighting
 47848 | Vaults:1 | Found Biabb's Jewellery Emporium.
 48938 | Orc:1    | Bought a potion of ambrosia for 88 gold pieces
 48991 | D:11     | Bought a potion of ambrosia for 96 gold pieces
 49030 | D:10     | Bought a potion of ambrosia for 88 gold pieces
 49174 | Snake:2  | Bought a scroll of teleportation for 48 gold pieces
 49174 | Snake:2  | Bought a scroll of magic mapping for 120 gold pieces
 49243 | Snake:1  | Bought a pair of runed gloves for 195 gold pieces
 49588 | Vaults:2 | Received a gift from Trog
 50990 | Vaults:2 | Received a gift from Trog
 51327 | Abyss:3  | Cast into level 3 of the Abyss (a wizard)
 51328 | Abyss:3  | Found a corrupted altar of Lugonu.
 51340 | Abyss:3  | Found a corrupted altar of Lugonu.
 51397 | Abyss:3  | Gained mutation: Your magical capacity is extremely low.
                  | (-30% MP) [a neqoxec]
 51412 | Abyss:3  | Paralysed by accursed screaming for 1 turns
 51419 | Abyss:3  | Received a gift from Trog
 51569 | Vaults:3 | Escaped the Abyss
 51637 | Vaults:3 | Reached XP level 22. HP: 48/212 MP: 15/15
 52557 | Vaults:3 | Found a staircase to the Crypt.
 52574 | Vaults:3 | Reached skill level 15 in Maces & Flails
 52620 | Crypt:1  | Entered Level 1 of the Crypt
 53619 | Crypt:2  | Paralysed by something for 3 turns
 54094 | Crypt:2  | Received a gift from Trog
 54094 | Crypt:2  | Found the +8 mithril axe "Arga" {speed, Will+}
 54434 | Crypt:2  | Found a transporter.
 54508 | Crypt:2  | Found a transporter.
 55178 | Crypt:2  | Noticed Zievuyg's ghost (adept MiFi)
 56942 | Vaults:4 | Received a gift from Trog
 57214 | Vaults:4 | Found a crumbling gateway.
 57237 | Desolati | Entered the Desolation of Salt
 57446 | Desolati | Reached XP level 23. HP: 156/227 MP: 16/16
 57972 | Vaults:4 | Received a gift from Trog
 58348 | Vaults:4 | Identified the +4 great sword of Zemog {spect, *Rage rN+
                  | Str+2 Int+4}
 58853 | Vaults:5 | Entered Level 5 of the Vaults
 59531 | Vaults:4 | Received a gift from Trog
 60065 | Vaults:5 | Killed from afar by a titan

Illustrated notes

Levels and vault maps discovered:
D:1:      nagdon_arrival_zigzag_paths, layout_basic
D:2:      layout_basic, serial_shops, shop_fountains,
          chequers_serial_rivers_micro_e
D:3:      layout_basic, nemelex_spade_bored_becter, uniq_crazy_yiuf_cottage
D:4:      layout_loops_ring, grunt_qazlal_sundering,
          gammafunk_ghost_nasty_kobolds, uniq_duvessa
D:5:      layout_rooms, mainiacjoe_overflow_two_lobes,
          pf_guarded_unrand_woodcutter, uniq_grinder
D:6:      layout_basic, kennysheep_cross_room, feat_on_display
D:7:      layout_cave_pools, mainiacjoe_overflow_catwalk, kennysheep_mini_moat,
          minmay_temple_entry_slanted, enter_bailey_8, uniq_pikel
D:8:      layout_basic, nicolae_uskayaw_murder_on_the_dancefloor,
          nzn_makhleb_speed_demon, kennysheep_mini,
          dilly_guarded_unrand_devastator
D:9:      layout_roguey, mainiacjoe_overflow_boulevard, erik_lair_island
D:10:     layout_cave_pools, serial_shops, shop, shop, nicolae_shop_stone,
          nicolae_take_the_stairs, dreamdust_princess_corridor
D:11:     layout_small_grid, serial_shops, shop,
          nicolae_gozag_cash_rules_everything_around_me, uniq_grum, uniq_fannar,
          uniq_josephine, uniq_erica
D:12:     layout_irregular_city, erik_orc_4, uniq_urug
D:13:     layout_roguey
D:14:     minmay_evil_eye, layout_cave_pools, david_vaults_4,
          nicolae_dithmenos_shadow_blocks, nrook_loot_triangle
D:15:     gammafunk_depths_entry_grave, layout_basic, interstate_on_off
Lair:1:   layout_cave_pods, grunt_megastairs_5
Lair:2:   layout_misc_corridors, shoals_dummy_entry,
          guppyfry_snake_entry_island, grunt_megastairs_4
Lair:3:   layout_chaotic_city
Lair:4:   layout_gridlike, gammafunk_ghost_berserking_beasts,
          serial_bayou_pond_d, nicolae_lair_grazing_beasts
          [nicolae_sub_lair_graze_edge, nicolae_sub_lair_graze_edge,
          nicolae_sub_lair_graze_edge, nicolae_sub_lair_graze_edge]
Lair:5:   cheibrodos_lair_end_hotspot, layout_regular_city, slime_entry_1,
          basic_altar, chequers_serial_rivers_large_b
Shoals:1: layout_shoals, nicolae_shoals_abyss_on_the_beach
Shoals:2: layout_shoals
Shoals:3: layout_shoals, uniq_polyphemus
Shoals:4: shoals_end_grunt_ice, layout_shoals, serial_shops,
          nicolae_shop_window_shopping, nicolae_shoals_drake_roost, uniq_donald,
          uniq_kirke
Snake:1:  layout_cave_shapes, serial_shops, nicolae_lakefront_shop,
          nicolae_lakefront_shop, nicolae_lakefront_shop, shop, shop,
          grunt_ministairs_10, minmay_shop_star, uniq_louise, uniq_agnes
Snake:2:  layout_rooms, nicolae_snake_yet_another_twisty_hallway,
          minmay_shoptagon, serial_bayou_shore_a
Snake:3:  layout_basic, uniq_aizul, uniq_vashnia, uniq_bai_suzhen
Snake:4:  minmay_snake_end_coiled, layout_onion_interference,
          nicolae_snake_snake_lake, statue_in_the_mist_lemuel, uniq_mlioglotl
Slime:1:  layout_caves
Slime:2:  layout_caves
Slime:3:  nicolae_slime_jelly_donut, layout_caves
Slime:4:  layout_caves
Slime:5
Orc:1:    layout_caves, serial_shops, shop_coins, nicolae_shop_crystal, shop,
          nicolae_shop_advertising_works [nicolae_subvault_shop_adworks],
          nicolae_shop_clearance
Orc:2:    st_orc_congregation, layout_caves, gauntlet_entry_generic,
          serial_shops, nicolae_shop_behind_doors, shop, nicolae_shop_stone,
          nicolae_shop_crystal, uniq_azrael
Elf:1:    eino_elf_arrival_the_gate, layout_loops_corners,
          minmay_elf_annihilation
Elf:2:    elven_hall_of_blades_hangedman_original
          [nicolae_vaults_blade_armed_guards], layout_loops_cross
Elf:3:    minmay_elf_hall_four_x, layout_geoelf_grid, minivault_28, uniq_mara
Vaults:1: grunt_vaults_bifocal, v_rooms_5, vaults_dpeg_diagonal,
          nicolae_vaults_what_the_h, vaults_room_door_hall, v_alt_pattern_3,
          v_alt_pattern_4, hangedman_vaults_locks, v_misc_32,
          nicolae_vaults_alarming, ontoclasm_vaults_ring_small,
          nicolae_vaults_murderbox, nicolae_vaults_ring_of_whatevers,
          ontoclasm_vaults_gateway, layout_vaults_ring, serial_shops,
          nicolae_shop_window_shopping, enter_trove_5
Vaults:2: nicolae_vaults_circle_grid_b, v_alt_pattern_4,
          nicolae_vaults_little_squares_5, nicolae_vaults_triangles,
          hangedman_vaults_corner, vaults_room_corners, v_misc_29,
          grunt_vaults_hallway_short, grunt_vaults_hallway_short,
          layout_vaults_quadrants
Vaults:3: hangedman_vaults_pinch, v_misc_1, minmay_crypt_entry_simple_statues,
          st_cross, nicolae_vaults_arrows, nicolae_vaults_mini_display_case,
          nicolae_vaults_network_square, ontoclasm_vaults_idyll,
          nicolae_vaults_gold_heap, layout_vaults_big_cross
Vaults:4: portal_desolation_entry_garden, hangedman_vaults_slice,
          vaults_room_pool, vaults_room_door_hall, ontoclasm_vaults_twist,
          ontoclasm_vaults_loading_screen, vaults_mumra_hex,
          hangedman_vaults_slice, nicolae_vaults_little_squares_3,
          grunt_vaults_twisty, dpeg_vaults_monster_box, layout_vaults_big_room
Vaults:5
Crypt:1:  layout_gridlike
Crypt:2:  layout_misc_corridors, gammafunk_ghost_abyssal_escape,
          nicolae_crypt_knee_deep_in_the_dead

Skill      XL: |  1  2  3  4  5  6  7  8  9 10 11 12 13 14 15 16 17 18 19 20 21 22 23 |
---------------+----------------------------------------------------------------------+-----
Fighting       | 3 4 5 7 12 13 14 17 19 20 | 20.1
Axes           | 3 4 5 6 8 11 12 | 12.0
Shields        | 1 2 7 11 13 14 15 17 20 23 | 23.0
Maces & Flails | 3 7 9 11 12 14 16 17 | 17.8
Armour         | 3 9 11 12 13 14 15 | 15.6
Dodging        | 6 8 9 13 14 | 14.4

Action                     |  1- 3 |  4- 6 |  7- 9 | 10-12 | 13-15 | 16-18 | 19-21 | 22-24 || total
---------------------------+-------+-------+-------+-------+-------+-------+-------+-------++-------
  Melee: Hand axe          |   100 |   165 |     2 |       |       |       |       |       ||   267
         Tailslap          |     1 |    15 |    27 |    26 |   169 |   210 |   477 |   245 ||  1170
         Punch             |       |     2 |       |       |       |       |       |       ||     2
         War axe           |       |       |   111 |       |       |       |       |       ||   111
         Battleaxe         |       |       |   182 |    29 |       |       |       |       ||   211
         Shillelagh        |       |       |       |   233 |  1007 |  1251 |  1948 |  1094 ||  5533
 Invoke: Berserk           |     1 |     1 |     2 |     4 |     5 |     9 |     3 |     1 ||    26
         Brothers in Arms  |       |       |       |       |       |    10 |     7 |       ||    17
         Trog's Hand       |       |       |       |       |       |     6 |     5 |     1 ||    12
  Evoke: Lightning rod     |       |       |       |       |     2 |     1 |     1 |       ||     4
         Phial of floods   |       |       |       |       |     1 |     3 |     3 |       ||     7
         Wand              |       |       |       |       |       |     9 |     4 |       ||    13
         Box of beasts     |       |       |       |       |       |       |     2 |       ||     2
         Condenser vane    |       |       |       |       |       |       |     2 |       ||     2
         Phantom mirror    |       |       |       |       |       |       |     1 |     1 ||     2
    Use: Scroll            |     7 |     3 |     5 |     2 |    11 |    19 |    13 |    10 ||    70
         Potion            |     6 |     1 |     8 |     1 |    13 |    39 |    16 |     2 ||    86
   Stab: Petrified         |       |       |       |       |     3 |       |       |       ||     3
         Invisible         |       |       |       |       |       |     5 |       |       ||     5
         Confused          |       |       |       |       |       |       |     1 |       ||     1
         Distracted        |       |       |       |       |       |       |     1 |       ||     1
 Armour: Animal skin       |    11 |       |       |       |       |       |       |       ||    11
         Ring mail         |   117 |   100 |       |       |       |       |       |       ||   217
         Chain mail        |       |    12 |   253 |   241 |   736 |   520 |       |       ||  1762
         Plate armour      |       |       |       |       |       |    20 |    12 |       ||    32
         Storm dragon scal |       |       |       |       |       |       |   684 |   427 ||  1111
  Dodge: Dodged            |    55 |    52 |   162 |    84 |   288 |   266 |   490 |   386 ||  1783
  Block: Other             |       |       |    39 |     8 |       |       |       |       ||    47
         Reflection        |       |       |     2 |     7 |    31 |   167 |   120 |       ||   327
         Tower shield      |       |       |       |   282 |  1089 |  1334 |  2021 |  1110 ||  5836

Table legend: (Time is in decaauts)
 A = Elapsed time spent in this place.
 B = Non-inter-level travel time spent in this place.
 C = Inter-level travel time spent in this place.
 D = Time resting spent in this place.
 E = Time spent auto-exploring this place.
 F = Levels seen in this place.
 G = Mean time per level.
                   A        B        C        D        E       F      G
               +--------+--------+--------+--------+--------+-----+--------+
         Total |  62982 |  54868 |   8114 |  15428 |  25655 |  49 | 1285.3 |
       Dungeon |  17060 |  13637 |   3423 |   2213 |   8588 |  15 | 1137.3 |
          Lair |   7582 |   5952 |   1630 |    993 |   3722 |   5 | 1516.4 |
        Shoals |   4222 |   3657 |    565 |    436 |   2262 |   4 | 1055.5 |
     Snake Pit |   4884 |   4169 |    715 |    762 |   2402 |   4 | 1221.0 |
    Slime Pits |   6103 |   5809 |    294 |   2600 |   1635 |   5 | 1220.6 |
  Orcish Mines |   2226 |   1607 |    619 |    221 |    850 |   2 | 1113.0 |
   Elven Halls |   6785 |   6227 |    558 |   2519 |   2043 |   3 | 2261.7 |
        Vaults |   9583 |   9414 |    169 |   3780 |   2968 |   5 | 1916.6 |
         Crypt |   2968 |   2831 |    137 |   1148 |    968 |   2 | 1484.0 |
         Abyss |    622 |    622 |      0 |    231 |      0 |   2 |  311.0 |
        Bailey |    694 |    694 |      0 |    363 |    213 |   1 |  694.0 |
    Desolation |    250 |    250 |      0 |    156 |      0 |   1 |  250.0 |
               +--------+--------+--------+--------+--------+-----+--------+

Top non-repeatable levels by time:
   Elf:3: 3157 daAuts
Vaults:4: 2811 daAuts
Vaults:3: 2602 daAuts
   Elf:2: 2330 daAuts
Vaults:1: 2317 daAuts
  Lair:5: 2243 daAuts
Vaults:2: 1790 daAuts
  Lair:1: 1571 daAuts
  Lair:4: 1555 daAuts
 Slime:4: 1524 daAuts
 Crypt:2: 1516 daAuts
    D:11: 1489 daAuts
    D:12: 1471 daAuts
     D:3: 1469 daAuts
 Crypt:1: 1451 daAuts
